 Dungeon Crawl Stone Soup version 0.25-a0-734-g73332aeda9 (webtiles) character file.

Game seed: 13303713333410548102, levelgen mode: deterministic

27269 Lovchig the Cleaver (level 13, -5/118 HPs)
             Began as a Deep Dwarf Fighter on Apr 10, 2020.
             Was the Champion of Makhleb.
             Slain by Jorgrun
             ... wielding a +0 vorpal quarterstaff
              (13 damage)
             ... on level 2 of the Orcish Mines.
             The game lasted 00:35:52 (9462 turns).

Lovchig the Cleaver (Deep Dwarf Fighter)            Turns: 9462, Time: 00:35:52

Health: -5/118     AC: 22    Str: 26    XL:     13   Next: 3%
Magic:  6/6        EV: 10    Int: 11    God:    Makhleb [******]
Gold:   3382       SH: 15    Dex: 23    Spells: 12/12 levels left

rFire    x . .     SeeInvis .   G - +6 hand axe of the Little People {flame, rN+ MR++}
rCold    x . .     Gourm    .   c - +1 kite shield
rNeg     + . .     Faith    +   y - +0 plate armour
rPois    .         Spirit   .   D - +0 helmet
rElec    .         Reflect  .   m - +0 cloak
rCorr    +         Harm     .   u - +2 pair of gloves
MR       ++...                  i - +0 pair of boots of Herypp {rF- MR- rCorr Dex+9}
Stlth    ..........             A - amulet of Veciamolly {Faith rC- Int+3 Dex+2}
HPRegen  0.00/turn              (no ring)
MPRegen  0.10/turn              (no ring)

@: grasped by roots, non-regenerating, constricted
A: damage resistance, heal wounds, sense surroundings 2, no regeneration
a: Heal Wounds, Minor Destruction, Lesser Servant of Makhleb, Major Destruction,
Greater Servant of Makhleb, Renounce Religion


You were on level 2 of the Orcish Mines.
You worshipped Makhleb.
Makhleb was exalted by your worship.
You were not hungry.

You visited 3 branches of the dungeon, and saw 13 of its levels.
You also visited: Ossuary and Bailey.

You collected 3591 gold pieces.
You spent 209 gold pieces at shops.

Inventory:

Hand Weapons
 g - a +0 broad axe
 G - the +6 hand axe of the Little People (weapon) {flame, rN+ MR++}
   (You found it on level 10 of the Dungeon)

   It has been specially enchanted to burn those struck by it, causing extra
   injury to most foes and up to half again as much damage against particularly
   susceptible opponents.
   Big, fiery blades are also staple armaments of hydra-hunters.
   It protects you from negative energy.
   It affects your resistance to hostile enchantments.
Armour
 c - a +1 kite shield (worn)
 i - the +0 pair of boots of Herypp (worn) {rF- MR- rCorr Dex+9}
   (You bought it in a shop on level 5 of the Dungeon)

   It affects your dexterity (+9).
   It makes you vulnerable to fire.
   It affects your resistance to hostile enchantments.
   It provides partial protection from all sources of acid and corrosion.
 m - a +0 cloak (worn)
 u - a +2 pair of gloves (worn)
 y - a +0 plate armour (worn)
 D - a +0 helmet (worn)
Jewellery
 h - an uncursed ring of ice
 A - the amulet of Veciamolly (around neck) {Faith rC- Int+3 Dex+2}
   (You found it in a bailey)

   [amulet of faith]

   It allows you to gain divine favour quickly.
   It affects your intelligence (+3).
   It affects your dexterity (+2).
   It makes you vulnerable to cold.
Wands
 o - a wand of acid (10)
 p - a wand of iceblast (27)
 r - a wand of flame (58)
Scrolls
 b - 2 scrolls of amnesia
 q - 3 scrolls of magic mapping
 s - 5 scrolls of remove curse
 x - a scroll of fear
 B - 3 scrolls of teleportation
Potions
 e - 5 potions of heal wounds
 j - a potion of stabbing
 k - 2 potions of haste
 l - 7 potions of curing
 n - a potion of lignification
 t - 3 potions of flight
 w - a potion of cancellation
 z - 2 potions of invisibility {unknown}
Miscellaneous
 a - a lightning rod (4/4)
Comestibles
 f - 21 rations
 v - 39 chunks of flesh


   Skills:
 * Level 8.7 Fighting
 * Level 14.5 Axes
 * Level 9.5 Armour
 * Level 8.2 Dodging
 * Level 11.8 Shields


You had 12 spell levels left.
You didn't know any spells.
Your spell library contained the following spells:

 Spells                   Type           Power        Failure   Level  Hunger
 Sandblast                Erth           #.....       99%         1    ##.....
 Passwall                 Tmut/Erth      #.......     100%        2    ###....
 Stone Arrow              Conj/Erth      #.....       100%        3    ####...
 Petrify                  Tmut/Erth      #.......     100%        4    #####..
 Lee's Rapid Deconstruct  Erth           #.........   100%        5    ######.


Dungeon Overview and Level Annotations

Branches:
Dungeon (10/15)            Temple (1/1) D:5            Lair (0/6) D:10
    Orc (2/2) D:10        Ossuary (visited)          Bailey (visited)
    Elf: Orc:2

Altars:
Ashenzari
Cheibriados
Dithmenos
Elyvilon
Fedhas
Gozag
Hepliaklqana
Kikubaaqudgha
Makhleb
Nemelex Xobeh
Okawaru
Qazlal
Ru
Sif Muna
Trog
Uskayaw
Vehumet
Wu Jian
Xom
Yredelemnul
Zin
The Shining One
Beogh

Shops:
D:5 [   Orc:2 (=*

Annotations:
D:7 2 transporters, milk's ghost, novice MiFi
Orc:2 Jorgrun


Innate Abilities, Weirdness & Mutations

You are resistant to damage.
You can heal yourself by infusing magical energy.
You passively map the area around you.
You do not regenerate.


Message History

Your magical essence is drained by the effort!
You feel much better.
You barely miss Jorgrun.
Jorgrun is severely wounded.
Jorgrun barely misses you. The grasping roots constrict you!
You hit Jorgrun. You burn Jorgrun.
Jorgrun is severely wounded.
Jorgrun hits you but does no damage. The grasping roots constrict you!
You barely miss Jorgrun.
Jorgrun is severely wounded.
You closely miss Jorgrun.
Jorgrun is severely wounded.
Jorgrun hits you but does no damage.
* * * LOW HITPOINT WARNING * * *
The grasping roots constrict you!
You feel much better. Jorgrun casts a spell at you. The iron shot hits you!!!
* * * LOW HITPOINT WARNING * * *
You die...

#### #######
####..#########...#.##
##.#........##........#
#...#.........<.......##
#......................#
.............)))........
**
...#.........).......#..
,,
................@.....# ,
*
...#.............g......,
,,
..#...................#.
.###...............#....
, , ##
##....#.............., ,
..####.P..P.............
....P.P....P..........,.
....)P...P............# *
.##.........P... , *,


You could see Jorgrun.

Vanquished Creatures
  Gastronok (Orc:1)
  2 orc warlords (Orc:2)
  Josephine (Orc:2)
  Fannar (Orc:1)
  A two-headed ogre (D:9)
  2 orc high priests (Orc:2)
  Pikel (D:6)
  4 orc knights
  4 orc sorcerers
  Maggie (D:6)
  8 trolls
  Prince Ribbit (D:6)
  A hippogriff (D:9)
  Sigmund (D:4)
  A spriggan (D:9)
  4 wraiths (Orc:2)
  A yak (D:10)
  2 wyverns
  A steam dragon (D:10)
  Menkaure (D:7)
  9 wargs
  3 porcupines (D:10)
  48 orc warriors
  3 ice beasts
  4 sky beasts
  2 black bears (D:10)
  2 necrophages
  2 slaves (D:6)
  2 phantoms
  3 centaurs
  12 ogres
  3 crocodiles (D:10)
  A big kobold (D:8)
  6 bullfrogs
  A gnoll sergeant (Orc:2)
  5 water moccasin zombies (Ossuary)
  2 scorpions
  6 killer bees (D:10)
  2 howler monkeys
  7 crimson imps
  2 centaur zombies
  20 orc priests
  2 bullfrog zombies (D:9)
  A centaur skeleton (D:8)
  7 hounds
  Terence (D:3)
  Ijyb (D:4)
  An iguana (D:7)
  21 orc wizards
  A killer bee zombie (D:8)
  9 worker ants
  4 big kobold zombies (Ossuary)
  2 human simulacra (D:9)
  A hound zombie (D:5)
  4 hound skeletons
  2 mummies (Ossuary)
  Robin (D:3)
  8 adders
  14 gnolls
  A howler monkey skeleton (D:7)
  2 shadow imps
  3 oozes
  2 adder skeletons
  4 adder zombies (Ossuary)
  A worm (D:2)
  5 dart slugs
  6 leopard geckos
  88 orcs
  13 bats
  5 giant cockroaches
  14 goblins
  6 hobgoblins
  9 kobolds
  5 quokkas
  4 ball pythons
  4 frilled lizards
  A giant cockroach zombie (D:5)
  A gnoll zombie (Ossuary)
  4 hobgoblin zombies (Ossuary)
  A kobold zombie (Ossuary)
  A leopard gecko zombie (D:5)
  6 orc zombies (Ossuary)
  A quokka zombie (D:9)
  11 rats
  A bush (D:1)
  4 fungi
  3 plants (D:10)
470 creatures vanquished.

Vanquished Creatures (others)
  10 fungi
  6 plants (D:7)
16 creatures vanquished.

Grand Total: 486 creatures vanquished

Notes
Turn   | Place    | Note
-------+----------+-------------------------------------------
     0 | D:1      | Lovchig the Deep Dwarf Fighter began the quest for the Orb.
     0 | D:1      | Reached XP level 1. HP: 20/20 MP: 1/1
   126 | D:1      | Reached XP level 2. HP: 18/27 MP: 2/2
   400 | D:1      | Reached XP level 3. HP: 23/34 MP: 3/3
   992 | D:2      | Reached skill level 1 in Dodging
  1185 | D:2      | Reached skill level 3 in Axes
  1475 | D:2      | Reached XP level 4. HP: 13/42 MP: 4/4
  1662 | D:3      | Noticed Terence
  1669 | D:3      | Killed Terence
  1673 | D:3      | Noticed Robin
  1689 | D:3      | Killed Robin
  1715 | D:3      | Reached XP level 5. HP: 20/49 MP: 5/5
  1898 | D:3      | Found an ancient bone altar of Kikubaaqudgha.
  2188 | D:4      | Noticed an ogre
  2197 | D:4      | Killed an ogre
  2197 | D:4      | Reached skill level 4 in Axes
  2248 | D:4      | Reached XP level 6. HP: 41/56 MP: 5/5
  2301 | D:4      | Reached skill level 5 in Axes
  2385 | D:4      | Reached skill level 5 in Shields
  2476 | D:4      | Noticed Ijyb
  2481 | D:4      | Reached XP level 7. HP: 28/63 MP: 6/6
  2492 | D:4      | Killed Ijyb
  2506 | D:4      | Noticed Sigmund
  2514 | D:4      | Killed Sigmund
  2514 | D:4      | Reached skill level 6 in Axes
  2907 | D:5      | Entered Level 5 of the Dungeon
  2962 | D:5      | Found a sand-covered staircase.
  2974 | Ossuary  | Entered an ossuary
  3027 | Ossuary  | Reached XP level 8. HP: 26/72 MP: 7/7
  3058 | Ossuary  | Reached skill level 5 in Armour
  3098 | Ossuary  | Reached skill level 7 in Axes
  3221 | D:5      | Found Xojuexaz's Antique Armour Shop.
  3229 | D:5      | Bought a pair of polished boots for 209 gold pieces
  3234 | D:5      | Identified the +0 pair of boots of Herypp {rF- MR- rCorr
                  | Dex+9} (You bought it in a shop on level 5 of the Dungeon)
  3275 | D:5      | Found a snail-covered altar of Cheibriados.
  3415 | D:5      | Found a glowing golden altar of the Shining One.
  3415 | D:5      | Found a white marble altar of Elyvilon.
  3415 | D:5      | Found a glowing silver altar of Zin.
  3492 | D:5      | Found a staircase to the Ecumenical Temple.
  3497 | Temple   | Entered the Ecumenical Temple
  3502 | Temple   | Became a worshipper of Makhleb the Destroyer
  3623 | D:6      | Noticed Prince Ribbit
  3628 | D:6      | Noticed Maggie
  3647 | D:6      | Killed Maggie
  3647 | D:6      | Reached skill level 8 in Axes
  3649 | D:6      | Killed Prince Ribbit
  3680 | D:6      | Found a sparkling altar of Nemelex Xobeh.
  3737 | D:6      | Noticed Pikel
  3754 | D:6      | Killed Pikel
  3754 | D:6      | Reached skill level 5 in Fighting
  3754 | D:6      | Reached skill level 9 in Axes
  3754 | D:6      | Gained mutation: You passively map the area around you.
                  | [Deep Dwarf growth]
  3754 | D:6      | Reached XP level 9. HP: 31/81 MP: 7/7
  4174 | D:7      | Found a transporter.
  4174 | D:7      | Found a transporter.
  4439 | D:7      | Reached * piety under Makhleb
  4454 | D:7      | Reached skill level 10 in Axes
  4779 | D:7      | Identified the ring "Lemedez" {*Corrode rC+ MP+9 Int-5
                  | Dex+7}
  4859 | D:7      | Found an ornate altar of the Wu Jian Council.
  4920 | D:7      | Noticed milk's ghost (novice MiFi)
  4973 | D:7      | Noticed Menkaure
  4982 | D:7      | Killed Menkaure
  5318 | D:8      | Reached XP level 10. HP: 51/88 MP: 8/8
  5329 | D:8      | Reached skill level 5 in Dodging
  5536 | D:8      | Reached ** piety under Makhleb
  5649 | D:8      | Found a glowing silver altar of Zin.
  5920 | D:9      | Reached skill level 11 in Axes
  6140 | D:9      | Noticed a two-headed ogre
  6160 | D:9      | Killed a two-headed ogre
  6534 | D:9      | Reached skill level 12 in Axes
  6623 | D:9      | Reached *** piety under Makhleb
  6745 | D:10     | Entered Level 10 of the Dungeon
  6790 | D:10     | Reached XP level 11. HP: 54/99 MP: 8/8
  6900 | D:10     | Found a staircase to the Lair.
  7241 | D:10     | Reached **** piety under Makhleb
  7258 | D:10     | Found a staircase to the Orcish Mines.
  7347 | D:10     | Got a bloodstained hand axe
  7350 | D:10     | Identified the +6 hand axe of the Little People {flame, rN+
                  | MR++} (You found it on level 10 of the Dungeon)
  7784 | Orc:1    | Entered Level 1 of the Orcish Mines
  7852 | Orc:1    | Reached ***** piety under Makhleb
  7852 | Orc:1    | Noticed Gastronok
  7890 | Orc:1    | Killed Gastronok
  7890 | Orc:1    | Reached skill level 13 in Axes
  8001 | Orc:1    | Noticed Fannar
  8009 | Orc:1    | Reached skill level 10 in Shields
  8071 | Orc:1    | Killed Fannar
  8097 | Orc:1    | Noticed an orc knight
  8122 | Orc:1    | Killed an orc knight
  8134 | Orc:1    | Reached XP level 12. HP: 58/109 MP: 8/8
  8297 | Orc:1    | Found a flagged portal.
  8306 | Bailey   | Entered a bailey
  8549 | Bailey   | Found a roughly hewn altar of Beogh.
  8580 | Bailey   | Got a pitted iron amulet
  8717 | Orc:1    | Found a roughly hewn altar of Beogh.
  8948 | Orc:1    | Identified the amulet of Veciamolly {Faith rC- Int+3 Dex+2}
                  | (You found it in a bailey)
  8949 | Orc:1    | Identified a scroll of acquirement
  8970 | Orc:2    | Entered Level 2 of the Orcish Mines
  8970 | Orc:2    | Noticed Josephine
  8979 | Orc:2    | Killed Josephine
  9054 | Orc:2    | Noticed an orc warlord
  9055 | Orc:2    | Found Soporir's General Store.
  9096 | Orc:2    | Reached skill level 14 in Axes
  9100 | Orc:2    | Killed an orc warlord
  9155 | Orc:2    | Noticed an orc high priest
  9182 | Orc:2    | Killed an orc high priest
  9183 | Orc:2    | Found Rykkep's Jewellery Boutique.
  9196 | Orc:2    | Noticed an orc warlord
  9225 | Orc:2    | Killed an orc warlord
  9226 | Orc:2    | Reached ****** piety under Makhleb
  9344 | Orc:2    | Found Uqigg's Antique Weapon Shop.
  9354 | Orc:2    | Noticed an orc high priest
  9367 | Orc:2    | Killed an orc high priest
  9367 | Orc:2    | Reached XP level 13. HP: 85/118 MP: 7/7
  9433 | Orc:2    | Noticed Jorgrun
  9462 | Orc:2    | Slain by Jorgrun

Levels and vault maps discovered:
D:1:      dpeg_arrival_subterranean_lakeside_camping, layout_basic,
          minmay_hedge_maze, kennysheep_minor_cross
D:2:      layout_loops_ring
D:3:      layout_rooms, kiku_gazebo_garden_becter, first_ration, uniq_robin,
          uniq_terence
D:4:      layout_gridville, uniq_ijyb, uniq_sigmund
D:5:      layout_basic, good_gods_mini_temple, lemuel_crystal_altar,
          minmay_temple_entry_glassed_door, serial_shops, shop,
          lightli_ossuary_entry_decrepit_ruins
D:6:      layout_rooms, nemelex_xobeh_ov_fountains_minmay, uniq_pikel,
          uniq_maggie, uniq_prince_ribbit1
D:7:      layout_basic, kennysheep_little_box, gammafunk_ghost_gnarly_gnolls,
          kennysheep_generic_room_7, uniq_menkaure
D:8:      layout_gridville, basic_altar, minmay_misc_feat_cross
D:9:      layout_loops_cross, special_room [special_room_orc], the_bakery,
          bh_circular_ruins
D:10:     layout_basic, due_lair_maze_entry_diamond, hiddenorc2_lemuel
Temple:   minmay_freezing_vapour_temple
Orc:1:    cheibrodos_orc_guarddog, layout_caves, enter_bailey_6, basic_altar,
          uniq_fannar, uniq_gastronok
Orc:2:    grunt_orc_gardens, layout_caves, grunt_orc_garden, grunt_orc_garden,
          grunt_orc_garden, grunt_orc_garden, uniq_jorgrun, uniq_josephine

Skill      XL: |  1  2  3  4  5  6  7  8  9 10 11 12 |
---------------+-------------------------------------+-----
Fighting       | 3 4 5 6 7 8 |  8.7
Dodging        | 1 2 3 4 6 7 8 |  8.2
Axes           | 3 4 5 6 9 10 12 13 14 | 14.5
Shields        | 4 5 6 7 8 10 11 | 11.8
Armour         | 4 6 7 8 9 |  9.5

Action                   |  1- 3 |  4- 6 |  7- 9 | 10-12 | 13-15 || total
-------------------------+-------+-------+-------+-------+-------++-------
Melee: War axe           |   157 |   182 |   437 |   421 |       ||  1197
       Hand axe          |       |       |       |   430 |    36 ||   466
 Abil: Heal Wounds       |       |     4 |     8 |    18 |     4 ||    34
  Use: Scroll            |     1 |     8 |     8 |     6 |       ||    23
       Potion            |       |       |       |     2 |       ||     2
  Eat: Chunk             |     2 |     4 |    10 |    14 |     1 ||    31
Armor: Scale mail        |    46 |    84 |    90 |       |       ||   220
       Plate armour      |       |       |    89 |   341 |     8 ||   438
Dodge: Dodged            |    37 |    64 |   117 |   289 |    10 ||   517
Block: Kite shield       |    60 |   129 |   248 |   647 |    17 ||  1101

Table legend:
 A = Non-vault XP
 B = Vault XP
 C = Vault XP percentage of total XP
 D = Non-vault monster count
 E = Vault monster count
 F = Vault count percentage of total count
                 A         B        C        D         E       F
            +---------+---------+-------+---------+---------+-------
      Total |   19619 |   19338 |  49.6 |     303 |     157 |  34.1
            +---------+---------+-------+---------+---------+-------
        D:1 |      47 |       8 |  14.5 |      22 |       6 |  21.4
        D:2 |      57 |       0 |   0.0 |      15 |       0 |   0.0
        D:3 |      42 |      75 |  64.1 |      21 |      13 |  38.2
        D:4 |     773 |     248 |  24.3 |      27 |       2 |   6.9
        D:5 |     186 |       0 |   0.0 |       9 |       0 |   0.0
        D:6 |     785 |    1302 |  62.4 |      17 |       3 |  15.0
        D:7 |     842 |     169 |  16.7 |      23 |       1 |   4.2
        D:8 |    1450 |       0 |   0.0 |      24 |       0 |   0.0
        D:9 |    3001 |     730 |  19.6 |      28 |      21 |  42.9
       D:10 |    3063 |    1944 |  38.8 |      40 |      42 |  51.2
      Orc:1 |    3903 |    3708 |  48.7 |      47 |       6 |  11.3
      Orc:2 |    5470 |    8796 |  61.7 |      30 |      26 |  46.4
    Ossuary |       0 |     565 | 100.0 |       0 |      27 | 100.0
     Bailey |       0 |    1793 | 100.0 |       0 |      10 | 100.0
            +---------+---------+-------+---------+---------+-------
